 Dungeon Crawl Stone Soup version 0.28.0-53-g5a82cb258f (webtiles) character file.

Game seed: 14769597184436498277

2429 MiltankisOP the Thaumaturge (level 9, -19/65 (69) HPs)
             Began as a Grey Draconian Venom Mage on June 16, 2022.
             Demolished by a boulder beetle (42 damage)
             ... on level 8 of the Dungeon.
             The game lasted 00:26:21 (7407 turns).

MiltankisOP the Thaumaturge (DrVM)                  Turns: 7407, Time: 00:26:22

HP:   -19/65 (69)   AC: 13    Str: 11    XL:     9   Next: 24%
MP:   17/22         EV: 13    Int: 20    God:
Gold: 334           SH:  0    Dex: 11    Spells: 23/26 levels left

rFire   . . .      SeeInvis .   k - +4 short sword
rCold   . . .      Faith    .   (no shield)
rNeg    . . .      Spirit   .   (armour unavailable)
rPois   .          Reflect  .   (helmet restricted)
rElec   .          Harm     .   (no cloak)
rCorr   .          Rampage  .   x - +0 pair of gloves
Will    .....                   (no boots)
Stlth   ++........              (no amulet)
HPRegen 0.20/turn               p - +4 ring of slaying
MPRegen 0.18/turn               (no ring)

@: drained
A: AC +12, amphibious, unfitting armour, cold-blooded
a: no special abilities


You were on level 8 of the Dungeon.
You visited 1 branch of the dungeon, and saw 8 of its levels.

You collected 334 gold pieces.

Inventory:

Hand Weapons
 k - a +4 short sword (weapon)
 v - the +6 falchion of Nawkeo {vorpal, rPois rC+++ Int-3 Dex-5}
   (You found it on level 5 of the Dungeon)

   It inflicts extra damage upon your enemies.
   Int:       It affects your intelligence (-3).
   Dex:       It affects your dexterity (-5).
   rC:        It renders you almost immune to cold.
   rPois:     It protects you from poison.
Missiles
 s - a throwing net
Armour
 i - a +0 helmet
 x - a +0 pair of gloves (worn)
Jewellery
 p - a +4 ring of slaying (left hand)
Scrolls
 a - 2 scrolls of torment {unknown}
 c - a scroll of magic mapping {unknown}
 d - 2 scrolls of enchant armour {unknown}
 e - a scroll of blinking {unknown}
 h - a scroll of brand weapon {unknown}
 j - 5 scrolls of teleportation {unknown}
 o - 2 scrolls of vulnerability {unknown}
 t - a scroll of amnesia {unknown}
 w - a scroll of silence {unknown}
 y - 2 scrolls of fear {unknown}
Potions
 b - 3 potions of curing
 f - a potion of ambrosia {unknown}
 g - a potion of attraction {unknown}
 l - a potion of magic {unknown}
 m - a potion of cancellation
 n - a potion of berserk rage
 q - a potion of lignification
 r - a potion of invisibility {unknown}
 u - 2 potions of flight
 z - 2 potions of heal wounds {unknown}


   Skills:
 - Level 3.0 Fighting
 - Level 5.0 Dodging
 - Level 1.7 Stealth
 - Level 9.0 Spellcasting
 - Level 2.0 Conjurations
 - Level 3.0 Transmutations
 - Level 2.0 Air Magic
 + Level 4.1 Poison Magic


You had 23 spell levels left.
You knew the following spells:

 Your Spells              Type           Power      Damage    Failure   Level
a - Sting                 Tmut/Pois      92%        1d7       1%          1
b - Poisonous Vapours     Pois/Air       42%        N/A       3%          2

Your spell library contained the following spells:

 Spells                   Type           Power      Damage    Failure   Level
 Shock                    Conj/Air       68%        1d7       3%          1
 Passwall                 Tmut/Erth      12%        N/A       6%          2
 Freeze                   Ice            36%        1d6       8%          1
 Mephitic Cloud           Conj/Pois/Air  19%        N/A       8%          3
 Swiftness                Air            17%        N/A       10%         3
 Ensorcelled Hibernation  Hex/Ice        18%        N/A       12%         2
 Olgreb's Toxic Radiance  Pois           25%        N/A       14%         4
 Frozen Ramparts          Ice            18%        1d3       22%         3
 Gell's Gravitas          Tloc           9%         N/A       22%         3
 Teleport Other           Tloc           9%         N/A       22%         3
 Airstrike                Air            8%         N/A       32%         4
 Hailstorm                Conj/Ice       13%        3d5       45%         4
 Dispersal                Tloc           4%         N/A       100%        6


Dungeon Overview and Level Annotations

Branches:
Dungeon (8/15)
 Temple: D:4-7         Lair: D:8-11

Altars:
Elyvilon

Shops:
D:5 *   D:6 *


Innate Abilities, Weirdness & Mutations

Your dull iron-grey scales are very hard. (AC +12)
You are amphibious.
You cannot fit into any form of body armour.
You are cold-blooded and may be slowed by cold attacks.


Message History

Press: ? - help, Dir - move target, f/p - boulder beetle
Aim: a boulder beetle (lightly wounded, poisoned) Poisonous vapours surround the boulder beetle!
The boulder beetle looks even sicker.
The boulder beetle curls into a ball and begins rolling!
Casting: Poisonous Vapours (safe; 3% risk of failure)
Confirm with . or Enter, or press ? or * to list all spells.
Aiming: Poisonous Vapours (safe; 3% risk of failure)
Press: ? - help, Dir - move target, f/p - boulder beetle
Aim: a boulder beetle (lightly wounded, rolling, very poisoned) Poisonous vapours surround the boulder beetle!
The boulder beetle looks as sick as possible!
You are confused.
You're too confused to move!
The boulder beetle hits you!!
The boulder beetle stops rolling and uncurls.
You're too confused to move!
The boulder beetle waves its antennae.
The boulder beetle misses you.
The orc warrior hits you from afar with a +0 trident.
The boulder beetle bites you!
The orc warrior hits you from afar with a +0 trident.
You bump into the rock wall.
You feel less confused.
The boulder beetle bites you but does no damage.
The orc warrior closely misses you. The orc warrior barely misses you.
A wight comes into view. It is wielding a +0 spear.
The boulder beetle curls into a ball and begins rolling!
Casting: Poisonous Vapours (safe; 3% risk of failure)
Confirm with . or Enter, or press ? or * to list all spells.
Aiming: Sting (safe; 1% risk of failure)
Press: ? - help, Shift-Dir - straight line, f/p - boulder beetle
Aim: a boulder beetle (severely wounded, rolling, very poisoned, 100% to hit)
The sting hits the boulder beetle but does no damage.
The boulder beetle looks even sicker.
The boulder beetle is severely wounded.
The boulder beetle hits you!!!
Ouch! That really hurt!
You die...

######...##...#
#.........#
#.........#
+.........#
#.........#
##...######
...##...##...#
.............#
.........@...#
.........B...#
.........○{..#
...##.####○..#
...### ###o..#
...... #..o..#
......#o....#
......'.....#
......#.....#


You could see a boulder beetle (rolling, very poisoned), an orc warrior and an
orc.

Vanquished Creatures
  Eustachio (D:4)
  A steam dragon (D:7)
  An orc warrior (D:4)
  3 ice beasts
  2 necrophages
  2 sky beasts
  2 ogres
  2 phantoms
  3 bullfrogs
  Blork the orc (D:5)
  A scorpion (D:5)
  5 wights (D:7)
  3 hounds
  4 jellies
  An orc priest (D:4)
  An iguana (D:4)
  A bullfrog skeleton (D:5)
  A centaur skeleton (D:6)
  An orc wizard (D:4)
  A howler monkey zombie (D:7)
  10 gnolls
  7 adders
  2 white imps
  2 worms
  A dart slug (D:1)
  7 orcs
  6 bats
  10 endoplasms
  2 giant cockroaches
  7 goblins
  9 hobgoblins
  5 quokkas
  5 ball pythons
  10 frilled lizards
  5 kobolds
  4 rats
129 creatures vanquished.

Vanquished Creatures (others)
  4 fungi (D:2)
  9 plants (D:2)
13 creatures vanquished.

Grand Total: 142 creatures vanquished

Notes
Turn   | Place    | Note
-------+----------+-------------------------------------------
     0 | D:1      | MiltankisOP the Draconian Venom Mage began the quest for
                  | the Orb.
     0 | D:1      | Reached XP level 1. HP: 14/14 MP: 3/3
   198 | D:1      | Reached XP level 2. HP: 18/20 MP: 1/5
  1094 | D:1      | Reached XP level 3. HP: 26/26 MP: 4/6
  1432 | D:2      | Found a faded altar of an unknown god.
  1437 | D:2      | Reached XP level 4. HP: 3/33 MP: 3/7
  1774 | D:2      | Found a white marble altar of Elyvilon.
  1961 | D:2      | Reached skill level 1 in Fighting
  2411 | D:3      | Identified the +0 robe "Nissaci" {Harm Rampage Drain Str-4}
  2516 | D:3      | You fall into a shaft and drop 2 floors!
  2516 | D:5      | Entered Level 5 of the Dungeon
  2516 | D:5      | Noticed a necrophage
  2527 | D:5      | Killed a necrophage
  2528 | D:5      | Reached XP level 5. HP: 34/45 MP: 8/8
  2619 | D:5      | Noticed a sky beast
  2646 | D:4      | Killed a sky beast
  2647 | D:4      | Reached XP level 6. HP: 18/51 MP: 0/9
  3679 | D:4      | Noticed Eustachio
  3695 | D:4      | Killed Eustachio
  3696 | D:4      | Reached skill level 5 in Dodging
  3696 | D:4      | Reached skill level 3 in Spellcasting
  3696 | D:4      | Your scales start taking on a dull iron-grey colour.
  3696 | D:4      | Reached XP level 7. HP: 57/57 MP: 6/11
  3961 | D:4      | Reached skill level 4 in Spellcasting
  4816 | D:5      | Found Linimaus's CLEARANCE SALE!.
  4838 | D:5      | Reached skill level 5 in Spellcasting
  4913 | D:5      | Reached XP level 8. HP: 59/63 MP: 8/16
  4922 | D:5      | Reached skill level 6 in Spellcasting
  4928 | D:5      | Identified the +6 falchion of Nawkeo {vorpal, rPois rC+++
                  | Int-3 Dex-5}
  5307 | D:5      | Noticed Blork the orc
  5317 | D:5      | Killed Blork the orc
  5588 | D:6      | Reached skill level 7 in Spellcasting
  5934 | D:6      | Found Qethreuv's Gadget Gallery.
  6099 | D:7      | Noticed a six-headed hydra
  6146 | D:7      | Reached skill level 8 in Spellcasting
  6354 | D:7      | Reached XP level 9. HP: 69/69 MP: 17/21
  6598 | D:7      | Reached skill level 9 in Spellcasting
  6657 | D:7      | Reached skill level 1 in Conjurations
  6745 | D:7      | Reached skill level 1 in Air Magic
  7234 | D:8      | Learned a level 2 spell: Poisonous Vapours
  7392 | D:8      | Noticed a boulder beetle
  7407 | D:8      | Demolished by a boulder beetle

Illustrated notes

Levels and vault maps discovered:
D:1:      lemuel_arrival_funnel, layout_basic
D:2:      layout_basic, basic_altar, shapermc_ecumenical_altar_mp_urbaneastern
D:3:      layout_rooms
D:4:      layout_loops_ring, uniq_eustachio
D:5:      minmay_general_purpose_star, layout_basic,
          chequers_serial_rivers_micro_e, minmay_misc_feat_five, st_stairs_6,
          nicolae_shop_clearance, uniq_blork_the_orc
D:6:      layout_basic, nicolae_shop_gadgets
D:7:      layout_basic, minmay_temple_entry_fiery
D:8:      cheibrodos_barr_body, layout_gridville, nicolae_wu_jian_wuxing_cycle,
          david_lair_generic, special_room [special_room_orc]

Skill      XL: |  1  2  3  4  5  6  7  8  9 |
---------------+----------------------------+-----
Transmutations | 2 3 |  3.0
Poison Magic   | 4 |  4.1
Fighting       | 3 |  3.0
Dodging        | 2 3 5 |  5.0
Spellcasting   | 3 5 8 9 |  9.0
Conjurations   | 2 |  2.0
Air Magic      | 2 |  2.0
Stealth        | |  1.7

Action                   |  1- 3 |  4- 6 |  7- 9 || total
-------------------------+-------+-------+-------++-------
Melee: Unarmed           |   105 |       |       ||   105
       Tailslap          |    11 |     4 |    13 ||    28
       Punch             |     1 |       |     4 ||     5
       Short sword       |       |    27 |    90 ||   117
 Cast: Sting             |    48 |    93 |   163 ||   304
       Poisonous Vapours |       |       |     3 ||     3
  Use: Scroll            |       |       |     5 ||     5
 Stab: Sleeping          |     1 |       |       ||     1
Armor: Skin              |    51 |    17 |    82 ||   150
Dodge: Dodged            |   104 |    36 |   113 ||   253
